 Dungeon Crawl Stone Soup version 0.31-a0-771-g505c3d19dc (webtiles) character file.

Game seed: 7827629106641926872

59 cforsyth the Sneak (level 4, 0/35 HPs)
             Began as a Djinni Delver on Sept 16, 2023.
             Killed by nerve-wracking pain
             ... invoked by a shadow imp
              (9 damage)
             ... on level 5 of the Dungeon.
             The game lasted 00:01:01 (228 turns).

cforsyth the Sneak (Djinni Delver)                   Turns: 228, Time: 00:01:01

Health: 0/35       AC:  3    Str: 11    XL:     4   Next: 22%
Gold:   0          EV: 12    Int: 14    God:
                   SH:  0    Dex: 14

rFire   + + .        a - +0 falchion
rCold   x . .        (no shield)
rNeg    . . .        b - +0 leather armour
rPois   ∞            (no helmet)
rElec   .            (no cloak)
rCorr   .            (no gloves)
SInv    .            (boots unavailable)
Will    .....        (no amulet)
Stlth   ++           (no ring)
HPRegen 0.25/turn    (no ring)
MPRegen 0.00/turn

%: infuse magic (-1 HP)
@: flying
A: sickness immunity, fire resistance 2, cold vulnerability 1, float, innate
caster, HP casting, extra vitality 1
a: no special abilities


You were on level 5 of the Dungeon.
You visited 1 branch of the dungeon, and saw 1 of its levels.

Inventory:

Hand Weapons
 a - a +0 falchion (weapon)
Armour
 b - a +0 leather armour (worn)
Wands
 g - a wand of digging (3)
Scrolls
 c - a scroll of fog
 d - a scroll of revelation
Potions
 f - a potion of haste


   Skills:
 + Level 3.5 Fighting
 + Level 2.4 Long Blades
 + Level 3.0 Dodging
 + Level 4.4 Stealth


You knew the following spells:

 Your Spells              Type           Power      Damage    Failure   Level
a - Sandblast             Erth           0%         2d4       36%         1
Your spell library was empty.

Dungeon Overview and Level Annotations

Branches:
Dungeon (5/15)
 Temple: D:4-7

Altars:


Innate Abilities, Weirdness & Mutations

You are immune to sickness and miasma.
You are immune to poison.
Your flesh is very heat resistant. (rF++)
You are vulnerable to cold. (rC-)
You float through the air rather than walking.
You learn spells naturally, not from books.
Your magical power is your life essence.
You have superior vitality. (+4 MHP)


Message History

You miss the adder.
The adder is heavily wounded.
The shadow imp barely misses you. The adder bites you.
The shadow imp hits you but does no damage.
You barely miss the adder.
The adder is heavily wounded.
The adder closely misses you. The adder bites you but does no damage.
The shadow imp hits you.
* * * LOW HITPOINT WARNING * * *
You closely miss the adder.
The adder is heavily wounded.
The adder barely misses you.
The shadow imp grinds its teeth.
The shadow imp hits you but does no damage.
You hit the adder but do no damage.
The adder is heavily wounded.
The adder barely misses you. The shadow imp hits you.
* * * LOW HITPOINT WARNING * * *
The adder bites you.
* * * LOW HITPOINT WARNING * * *
The adder misses you. The adder closely misses you.
The adder closely misses you. The adder barely misses you.
Okay, then.
As you read the scroll of fear, it crumbles to dust.
You assume a fearsome visage.
The shadow imp looks frightened!
The adder looks frightened!
You start resting.
A shadow imp is nearby!
A scorpion comes into view.
A black bear comes into view.
A quokka comes into view.
The black bear growls angrily.
The shadow imp gestures at you. Pain shoots through your body!
* * * LOW HITPOINT WARNING * * *
The shadow imp gestures at you. Pain shoots through your body!
You die...

.....##......#
#...#.8.8.8.#
####.........#
#...#.......#
####......#
#.r.'......>#
###.####
#h..#.......#
#.5.#
#.#.#.8.8.8.#
###.#
#.###....[..#
#.### #s#
#########
#...###.#
###.#.@.#
#...###
#...5....#
#........#
#........#
#........#
#........#
##########


You could see a black bear, a scorpion, a shadow imp and a quokka.

Vanquished Creatures
  A hound (D:5)
  A sleepcap (D:5)
  A dart slug (D:5)
3 creatures vanquished.

Notes
Turn   | Place    | Note
-------+----------+-------------------------------------------
     0 | D:5      | cforsyth the Djinni Delver began the quest for the Orb.
     0 | D:5      | Reached XP level 1. HP: 20/20 MP: 0/0
    16 | D:5      | Noticed a hound
    20 | D:5      | Killed a hound
    21 | D:5      | Reached XP level 2. HP: 17/25 MP: 0/0
    21 | D:5      | Reached XP level 3. HP: 20/30 MP: 0/0
    21 | D:5      | Learned a level 1 spell: Sandblast
    83 | D:5      | Reached XP level 4. HP: 19/35 MP: 0/0
   220 | D:5      | Noticed a scorpion
   221 | D:5      | Noticed a black bear
   228 | D:5      | Killed from afar by a shadow imp

Illustrated notes

Levels and vault maps discovered:
D:5:      layout_rooms, old_standard_altar, serial_shops, nicolae_stop_n_shop_2,
          kennysheep_small_spiral, grunt_ministairs_3

Skill      XL: |  1  2  3  4 |
---------------+-------------+-----
Long Blades    | 2 |  2.4
Dodging        | 3 |  3.0
Fighting       | |  3.5
Stealth        | |  4.4

Action                     |  1- 3 |  4- 6 || total
---------------------------+-------+-------++-------
  Melee: Falchion          |    18 |    17 ||    35
    Use: Scroll            |       |     1 ||     1
   Stab: Sleeping          |     1 |       ||     1
 Armour: Leather armour    |    16 |    17 ||    33
  Dodge: Dodged            |    15 |    19 ||    34

Table legend: (Time is in decaauts)
 A = Elapsed time spent in this place.
 B = Non-inter-level travel time spent in this place.
 C = Inter-level travel time spent in this place.
 D = Time resting spent in this place.
 E = Time spent auto-exploring this place.
 F = Levels seen in this place.
 G = Mean time per level.
                   A        B        C        D        E       F      G
               +--------+--------+--------+--------+--------+-----+--------+
         Total |    234 |    234 |      0 |     18 |    129 |   1 |  234.0 |
       Dungeon |    234 |    234 |      0 |     18 |    129 |   1 |  234.0 |
               +--------+--------+--------+--------+--------+-----+--------+

Top non-repeatable levels by time:
     D:5: 234 daAuts
